Map: Efflorescence LE

Players

Scherwood

  • Race: Protoss Protoss
  • Spawn Location: 6:00

Alex

  • Race: Zerg Zerg
  • Spawn Location: 9:00

qqq - Winner!

  • Race: Zerg Zerg
  • League: Platinum
  • Spawn Location: 3:00

Massa - Winner!

  • Race: Terran Terran
  • League: Platinum
  • Spawn Location: 12:00

VOD

Have the link to the VOD?

Description

Time

  • Played on: Nov. 23, 2020, 3:25 p.m.
  • Length: 7:55
Show
View Real Time Build Order
Export as new Build Order

Scherwood Protoss 

Build Orders:  

Get SALT Encoding   

  12  0:00  Probe  
  13  0:12  Probe  
  14  0:19  Pylon  
  14  0:24  Probe  
  15  0:37  Probe (Chrono Boost)  
  15  0:41  Gateway  
  16  0:48  Assimilator  
  16  0:49  Probe (Chrono Boost)  
  17  0:56  Probe (Chrono Boost)  
  18  1:03  Probe  
  19  1:15  Probe  
  20  1:20  Assimilator  
  20  1:29  Cybernetics Core  
  20  1:30  Zealot  
  20  1:32  Pylon  
  22  1:35  Probe  
  23  1:51  Gateway  
  23  1:56  Probe  
  24  2:02  Warp Gate (Chrono Boost)  
  24  2:08  Twilight Council  
  24  2:14  Pylon  
  24  2:32  Gateway  
  24  2:35  Zealot  
  26  2:38  Zealot  
  26  2:39  Charge (Chrono Boost)  
  28  2:51  Probe  
  29  3:09  Nexus  
  29  3:16  Zealot  
  31  3:22  Zealot  
  33  3:34  Pylon  
  31  3:57  Zealot x2  
  31  3:58  Zealot  
  31  4:23  Zealot x3  
  31  4:26  Gateway  
  29  4:43  Zealot  
  29  4:44  Zealot x2  
  29  5:04  Zealot x3  
  33  5:29  Zealot  
  33  5:30  Zealot x3  
  27  5:49  Probe  
  24  5:51  Zealot x4  
  24  6:12  Zealot x3  
  24  6:13  Zealot  
  24  6:33  Zealot  
  24  6:34  Zealot x2  
  24  6:36  Zealot  
  24  6:59  Zealot x2  
  24  7:00  Zealot  
Show
View Real Time Build Order
Export as new Build Order

Alex Zerg 

Build Orders: Hatch First 

Get SALT Encoding   

  12  0:11  Drone  
  13  0:17  Overlord  
  13  0:22  Drone  
  14  0:35  Drone  
  14  0:36  Drone  
  16  0:44  Drone  
  17  0:58  Hatchery  
  17  1:01  Drone  
  17  1:16  Spawning Pool  
  17  1:17  Drone  
  17  1:20  Drone  
  18  1:27  Drone  
  19  1:37  Extractor  
  19  1:39  Drone  
  19  1:42  Extractor  
  18  1:49  Drone  
  19  2:03  Drone  
  19  2:07  Queen  
  22  2:09  Queen  
  24  2:15  Drone  
  24  2:22  Overlord  
  25  2:27  Metabolic Boost  
  25  2:35  Roach Warren  
  24  2:38  Overlord  
  24  3:00  Overlord  
  24  3:11  Zergling x6  
  27  3:16  Roach x3  
  33  3:20  Roach  
  35  3:42  Roach  
  35  3:43  Roach x2  
  41  3:51  Zergling x4  
  40  4:16  Zergling x4  
  32  4:27  Zergling x2  
  32  4:28  Zergling x6  
  36  4:31  Spine Crawler  
  36  4:34  Spine Crawler  
  25  4:46  Lair, Baneling Nest  
  22  4:53  Roach  
  22  5:02  Zergling x4  
  23  5:17  Roach x2  
  27  5:22  Ravager  
  27  5:28  Roach  
  29  5:42  Roach x2  
  32  5:53  Zergling x4  
  32  5:56  Ravager  
  29  6:14  Ravager  
  29  6:16  Roach x2  
  29  6:17  Roach  
  34  6:33  Zergling x4  
  30  7:09  Overlord x3  
  30  7:15  Overseer  
  28  7:25  Roach  
  28  7:29  Overseer  
Show
View Real Time Build Order
Export as new Build Order

qqq Zerg - Winner!

Build Orders: Hatch First 

Get SALT Encoding   

  12  0:00  Drone  
  13  0:08  Drone  
  14  0:24  Overlord  
  14  0:45  Drone  
  15  0:51  Hatchery  
  14  1:00  Drone  
  14  1:01  Drone  
  14  1:02  Drone  
  17  1:20  Spawning Pool  
  16  1:32  Drone  
  16  1:33  Drone  
  16  1:35  Extractor  
  17  1:51  Drone x2  
  19  1:57  Drone  
  20  2:04  Drone  
  20  2:06  Drone  
  20  2:07  Queen  
  24  2:09  Queen  
  26  2:16  Drone  
  26  2:19  Zergling x2  
  28  2:29  Overlord  
  28  2:42  Drone, Spine Crawler  
  28  2:43  Spine Crawler  
  28  2:44  Drone  
  28  2:47  Zergling x2  
  29  2:53  Metabolic Boost  
  29  2:57  Zergling x2  
  30  3:01  Zergling x2  
  30  3:04  Drone  
  33  3:05  Drone  
  33  3:15  Zergling x2  
  33  3:16  Zergling x2  
  35  3:28  Zergling x2  
  36  3:47  Overlord  
  36  3:48  Hatchery, Overlord  
  34  4:00  Zergling x4  
  34  4:06  Zergling x6  
  34  4:07  Queen  
  39  4:14  Spine Crawler  
  38  4:22  Zergling x8  
  38  4:23  Zergling x2  
  40  4:32  Spine Crawler  
  40  4:33  Zergling x2  
  39  4:44  Queen  
  38  4:47  Drone x2  
  38  4:48  Zergling x2  
  38  5:02  Drone x2  
  38  5:03  Zergling x4  
  40  5:14  Spine Crawler  
  35  5:36  Zergling x4  
  35  5:37  Zergling x8  
  35  5:40  Drone x2  
  40  5:43  Zergling x2  
  40  5:44  Zergling x6  
  40  6:13  Zergling x2  
  40  6:14  Zergling x6  
  40  6:15  Spine Crawler x2, Zergling x6  
  45  6:19  Spine Crawler  
  45  6:22  Spine Crawler  
  40  6:29  Zergling x2  
  40  6:30  Zergling x8  
  38  6:47  Queen  
  38  6:49  Zergling x2  
  38  6:50  Zergling x2  
  34  7:25  Zergling x6  
  34  7:26  Spine Crawler, Zergling x8  
  34  7:27  Zergling x4  
  44  7:42  Spine Crawler  
Show
View Real Time Build Order
Export as new Build Order

Massa Terran - Winner!

Build Orders:  

Get SALT Encoding   

  12  0:00  SCV  
  13  0:12  SCV  
  14  0:18  Supply Depot  
  14  0:24  SCV  
  15  0:39  SCV  
  15  0:41  Barracks  
  16  0:51  SCV  
  16  0:52  Refinery  
  17  0:57  Supply Depot  
  17  1:03  SCV  
  18  1:12  Barracks  
  18  1:20  SCV  
  19  1:29  Barracks  
  19  1:37  SCV  
  20  1:40  Barracks Tech Lab  
  20  1:51  Orbital Command  
  20  1:58  Marine  
  20  1:59  Marine  
  22  2:15  Marine  
  22  2:16  Stimpack  
  22  2:18  Marine x2  
  25  2:27  Supply Depot  
  25  2:34  Marine  
  25  2:37  Marauder  
  28  2:40  Marine  
  29  2:52  Marine  
  29  2:58  Marauder, Marine  
  32  3:00  Supply Depot  
  33  3:09  Marine  
  34  3:16  Marine  
  34  3:19  Marauder  
  37  3:27  Marine  
  38  3:34  Marine  
  38  3:41  Marauder  
  41  3:45  Marine  
  42  3:52  Marine  
  43  4:02  Marauder  
  43  4:03  Marine  
  43  4:09  Marine  
  41  4:21  Marine  
  41  4:24  Marauder  
  42  4:27  Marine  
  43  4:38  Marine  
  43  4:45  Marauder, Marine  
  36  4:56  Marine  
  36  4:58  SCV  
  38  5:03  Marine  
  38  5:06  Marauder, Command Center, Concussive Shells  
  41  5:10  SCV  
  42  5:14  Marine  
  42  5:21  Marine  
  43  5:28  Marauder  
  42  5:34  Marine  
  41  5:39  Marine  
  38  5:49  Marauder  
  39  5:52  Marine  
  39  5:55  Combat Shield  
  39  5:56  Marine  
  41  5:57  SCV  
  42  6:08  Factory  
  42  6:09  SCV, Supply Depot  
  42  6:10  Marauder, Marine  
  46  6:14  Marine  
  47  6:21  SCV  
  48  6:28  Marine  
  48  6:32  Marauder, Marine  
  52  6:33  SCV  
  53  6:46  Marine  
  52  6:53  Marauder  
  54  6:57  Marine  
  54  7:00  SCV  
  57  7:02  Orbital Command  
  57  7:04  Marine  
  57  7:07  Starport  
  57  7:11  Factory Tech Lab  
  57  7:13  SCV  
  57  7:15  Marauder, Marine  
  60  7:21  Marine  
  62  7:25  SCV  
  62  7:27  SCV  
  64  7:33  Marine  
  67  7:37  SCV  
  67  7:40  SCV  
Tags
 
Add a new tag
Caveats
  • Supply blocks, unpowered buildings, or Contaminate may cause inaccurate times.
  • Supply counts are checked every 10 seconds.